 Dungeon Crawl Stone Soup version 0.30.1-9-gdf580d7c3d (webtiles) character file.

Game seed: 662499496601037234

10762 danielguo94 the Basher (level 11, -4/69 HPs)
             Began as a Gargoyle Fighter on Oct 10, 2023.
             Was a Priest of the Shining One.
             Slain by a blink frog (8 damage)
             ... on level 2 of the Lair of Beasts.
             The game lasted 00:14:21 (11646 turns).

danielguo94 the Basher (Gargoyle Fighter)          Turns: 11646, Time: 00:14:21

Health: -4/69      AC: 22    Str: 22    XL:     11   Next: 67%
Magic:  11/11      EV: 11    Int: 12    God:    the Shining One [***...]
Gold:   528        SH:  5    Dex: 11    Spells: 10/10 levels left

rFire   . . .        N - +0 morningstar
rCold   . . .        c - +0 buckler
rNeg    + + .        b - +0 scale mail
rPois   ∞            M - +2 helmet {Int+3}
rElec   +            I - +0 cloak
rCorr   .            C - +0 pair of gloves
SInv    .            (no boots)
Will    +....        (no amulet) Stlth
                     n - ring of willpower
HPRegen 0.31/turn    (no ring)
MPRegen 0.12/turn

%: no passive effects
@: glowing
A: sickness immunity, AC +8, negative energy resistance 1, electricity
resistance, torment resistance 1, petrification resistance
a: Renounce Religion, Divine Shield, Cleansing Flame


You were on level 2 of the Lair of Beasts.
You worshipped the Shining One.
The Shining One was most pleased with you.
You visited 3 branches of the dungeon, and saw 16 of its levels.

You collected 615 gold pieces.
You spent 87 gold pieces at shops.

Inventory:

Hand Weapons
 N - a +0 morningstar (weapon)
Missiles
 L - 4 boomerangs
 P - 6 javelins
 Q - 5 poisoned darts
Armour
 b - a +0 scale mail (worn)
 c - a +0 buckler (worn)
 C - a +0 pair of gloves (worn)
 I - a +0 cloak (worn)
 M - a +2 helmet of intelligence (worn)
Jewellery
 k - a ring of resist corrosion
 n - a ring of willpower (left hand)
 H - an amulet of magic regeneration
Wands
 a - a wand of charming (3)
 t - a wand of flame (22)
 y - a wand of polymorph (4)
 B - a wand of roots (12)
 E - a wand of mindburst (17) (quivered)
 J - a wand of acid (5)
Scrolls
 f - 4 scrolls of enchant weapon
 g - 3 scrolls of enchant armour {unknown}
 h - 5 scrolls of fear
 i - a scroll of silence {unknown}
 j - 3 scrolls of brand weapon
 l - 2 scrolls of vulnerability {unknown}
 m - a scroll of noise {unknown}
 o - 3 scrolls of butterflies
 r - 4 scrolls of fog
 u - 6 scrolls of teleportation
 v - 2 scrolls of amnesia {unknown}
 x - a scroll of magic mapping {unknown}
 D - 3 scrolls of blinking {unknown}
 K - a scroll of poison {unknown}
 S - a scroll of immolation {unknown}
Potions
 d - 4 potions of might
 e - 5 potions of flight
 p - 4 potions of mutation {unknown}
 q - 2 potions of brilliance {unknown}
 s - 2 potions of lignification {unknown}
 w - 3 potions of attraction
 z - 2 potions of degeneration {unknown}
 A - 3 potions of curing {unknown}
 F - 3 potions of invisibility {unknown}
 G - a potion of haste {unknown}
 O - 3 potions of berserk rage {unknown}
 R - a potion of heal wounds


   Skills:
 + Level 8.8 Fighting
 + Level 12.4 Maces & Flails
 + Level 9.0 Armour
 + Level 4.6 Dodging
 + Level 7.0 Shields
 + Level 1.3 Evocations


You had 10 spell levels left.
You didn't know any spells.
Your spell library contained the following spells:

 Spells                   Type           Power      Damage    Failure   Level
 Apportation              Tloc           0%         N/A       65%         1
 Necrotise                Necr           0%         1d4       65%         1
 Summon Small Mammal      Summ           0%         N/A       65%         1
 Call Canine Familiar     Summ           0%         N/A       95%         3
 Summon Guardian Golem    Hex/Summ       0%         N/A       95%         3
 Chain Lightning          Conj/Air       0%         N/A       100%        9
 Fire Storm               Conj/Fire      0%         5d1       100%        9
 Shatter                  Erth           0%         3d5*      100%        9


Dungeon Overview and Level Annotations

Branches:
Dungeon (13/15)            Temple (1/1) D:6            Lair (2/5) D:8
  Swamp: Lair:2-3    Shoals: Lair:2-3     Snake: Lair:2-3    Spider: Lair:2-3
    Orc: D:9-12      Vaults: D:13-14

Altars:
Ashenzari
Cheibriados
Dithmenos
Elyvilon
Fedhas
Gozag
Hepliaklqana
Kikubaaqudgha
Makhleb
Nemelex Xobeh
Okawaru
Qazlal
Ru
Sif Muna
Trog
Uskayaw
Vehumet
Wu Jian
Xom
Yredelemnul
Zin
The Shining One

Shops:
D:2 (   D:5 **[   D:6 *   D:7 !   D:8 :

Annotations:
D:7 3 runed translucent doors, Ironcache's ghost, novice SpHu


Innate Abilities, Weirdness & Mutations

You are immune to sickness and miasma.
Your stone body is resilient. (AC +8)
You are immune to poison.
You resist negative energy. (rN+)
You are resistant to electric shocks. (rElec)
You are resistant to unholy torment.
You are immune to petrification.


Message History

You are too injured to fight recklessly!
You are too injured to fight recklessly!
You are too injured to fight recklessly!
You are too injured to fight recklessly!
You are too injured to fight recklessly!
You are too injured to fight recklessly!
You are too injured to fight recklessly!
You are too injured to fight recklessly!
You are too injured to fight recklessly!
You are too injured to fight recklessly!
You are too injured to fight recklessly!
You barely miss the blink frog. The blink frog hits you. x2
The blink frog blinks!
The blink frog blinks!
You sock the blink frog!
The blink frog is moderately wounded.
The blink frog barely misses you. The blink frog hits you.
You barely miss the blink frog.
The blink frog is moderately wounded.
The blink frog blinks!
The blink frog barely misses you.
You thump the blink frog!
The blink frog is heavily wounded.
The blink frog blinks! x2
The blink frog blinks! x2; The blink frog hits you!
* * * LOW HITPOINT WARNING * * *
You barely miss the blink frog.
The blink frog is heavily wounded.
You puncture the blink frog!
The blink frog is moderately wounded.
The blink frog hits you!
* * * LOW HITPOINT WARNING * * *
The blink frog blinks!
You closely miss the blink frog.
The blink frog is heavily wounded.
The blink frog hits you but does no damage. x2
You barely miss the blink frog.
The blink frog is heavily wounded.
The blink frog hits you but does no damage. x2
The blink frog hits you!
You die...

.....# ###..# #. ../
##..## .# .. ##....#
..$. #.#..## .#.
###.## .. #..# ###
#### .# .#.
#.#####.###.P##.#....#
###....#.......F@F...#
##.......###..###.#.<#
....#...............
...
.....#...##P##.####.#
. #........#### ## ##
#..#.#...# #.........[
#####...### #####


You could see 2 blink frogs.

Vanquished Creatures
  A hydra (Lair:2)
  A two-headed ogre (D:8)
  A black mamba (Lair:1)
  A cane toad (Lair:1)
  3 komodo dragons (Lair:1)
  2 trolls
  A hornet (D:7)
  A shadow (D:12)
  3 wyverns
  17 yaks
  A two-headed ogre zombie (D:12)
  Menkaure (D:4)
  4 water moccasins
  3 orc warriors
  An ice beast (D:6)
  A black bear (D:5)
  5 wolves (Lair:2)
  7 centaurs
  A phantom (Temple)
  A gnoll sergeant (D:7)
  9 bullfrogs
  A scorpion (D:5)
  3 wights (D:8)
  3 killer bees (D:8)
  2 electric eels
  5 howler monkeys
  2 jellies
  A human zombie (D:7)
  5 orc priests
  2 hounds (D:5)
  Crazy Yiuf (D:2)
  5 iguanas
  11 orc wizards
  3 ogre zombies (D:12)
  14 gnolls
  8 adders
  A shadow imp (D:5)
  A white imp (D:8)
  2 ufetubi (D:4)
  2 worms
  A dart slug (D:2)
  24 orcs
  7 ball pythons
  8 bats
  7 endoplasms
  2 giant cockroaches
  A goblin (D:1)
  11 hobgoblins
  6 jackals
  6 quokkas
  5 frilled lizards
  A goblin skeleton (D:12)
  2 goblin zombies (D:12)
  A hobgoblin zombie (D:12)
  10 kobolds
  7 orc zombies (D:12)
  6 rats
242 creatures vanquished.

Vanquished Creatures (others)
  A gnoll sergeant (D:7)
  2 gnolls (D:7)
3 creatures vanquished.

Grand Total: 245 creatures vanquished

Notes
Turn   | Place    | Note
-------+----------+-------------------------------------------
     0 | D:1      | danielguo94 the Gargoyle Fighter began the quest for the
                  | Orb.
     0 | D:1      | Reached XP level 1. HP: 14/14 MP: 1/1
   103 | D:1      | Reached XP level 2. HP: 19/19 MP: 2/2
   183 | D:1      | Reached XP level 3. HP: 10/23 MP: 3/3
   864 | D:2      | Found a faded altar of an unknown god.
  1071 | D:2      | Found Qaireruh's Weapon Shoppe.
  1080 | D:2      | Reached skill level 3 in Maces & Flails
  1080 | D:2      | Reached XP level 4. HP: 29/29 MP: 4/4
  1173 | D:2      | Found a runed translucent door.
  1174 | D:2      | Noticed Crazy Yiuf
  2169 | D:3      | Reached XP level 5. HP: 33/33 MP: 5/5
  2171 | D:3      | Found a stormy altar of Qazlal.
  2241 | D:3      | Reached skill level 1 in Dodging
  2833 | D:4      | Found a sacrificial altar of Ru.
  2864 | D:4      | Identified the +0 leather armour of Darkness {rPois}
  3001 | D:4      | Noticed Eustachio
  3040 | D:4      | Eustachio changed into Eustachio the centaur
  3040 | D:4      | Noticed Eustachio
  3051 | D:4      | Killed Eustachio the centaur
  3052 | D:4      | Reached skill level 4 in Maces & Flails
  3052 | D:4      | Reached XP level 6. HP: 10/38 MP: 6/6
  3167 | D:4      | Found a hide-covered altar of Uskayaw.
  3189 | D:4      | Noticed Menkaure
  3197 | D:4      | Killed Menkaure
  3436 | D:5      | Entered Level 5 of the Dungeon
  3731 | D:5      | Reached skill level 5 in Armour
  3731 | D:5      | Reached XP level 7. HP: 44/44 MP: 7/7
  3753 | D:5      | Reached skill level 5 in Maces & Flails
  3781 | D:5      | Found Kaeqoady's General Store.
  3787 | D:5      | Bought a scroll of fog for 56 gold pieces
  3794 | D:5      | Found Googh's Assorted Antiques.
  3810 | D:5      | Bought a scroll labelled ATUN ERAZUINI for 31 gold pieces
  4226 | D:5      | Found Togrunna's Armour Shoppe.
  4613 | D:5      | Noticed a yak
  4633 | D:5      | Reached skill level 6 in Maces & Flails
  4635 | D:5      | Killed a yak
  4636 | D:5      | Reached skill level 5 in Fighting
  4636 | D:5      | Reached XP level 8. HP: 34/49 MP: 8/8
  4959 | D:2      | Killed Crazy Yiuf
  5122 | D:6      | Found a staircase to the Ecumenical Temple.
  5149 | Temple   | Entered the Ecumenical Temple
  5188 | Temple   | Became a worshipper of the Shining One
  5518 | D:6      | Reached skill level 7 in Maces & Flails
  5663 | D:6      | Found Zin's Purification Station.
  5667 | D:6      | Found a glowing silver altar of Zin.
  5978 | D:7      | Found a runed translucent gate.
  5979 | D:7      | Found a runed translucent gate.
  5980 | D:7      | Found a runed translucent gate.
  5980 | D:7      | Found an opulent altar of Gozag.
  5982 | D:7      | Noticed a purple ugly thing
  5982 | D:7      | Noticed Ironcache's ghost (novice SpHu)
  6014 | D:6      | Reached XP level 9. HP: 36/55 MP: 9/9
  6181 | D:6      | Reached skill level 8 in Maces & Flails
  6305 | D:7      | Reached skill level 5 in Shields
  6406 | D:7      | Found a runed translucent door.
  6411 | D:7      | Found a basalt altar of Yredelemnul.
  6536 | D:7      | Reached * piety under the Shining One
  6732 | D:7      | Noticed a hornet
  6750 | D:7      | Killed a hornet
  6923 | D:7      | Found Rapuinli's Distillery.
  7204 | D:8      | Noticed a two-headed ogre
  7217 | D:8      | Killed a two-headed ogre
  7218 | D:8      | Reached skill level 9 in Maces & Flails
  7218 | D:8      | Reached skill level 1 in Evocations
  7474 | D:8      | Found a staircase to the Lair.
  7485 | D:8      | Reached XP level 10. HP: 61/61 MP: 10/10
  7495 | D:8      | Found Fueroh's Book Emporium.
  7977 | D:8      | Identified the +9 war axe of Jovehy {flame, rElec rN++
                  | Dex-3}
  8001 | D:8      | Reached ** piety under the Shining One
  8023 | D:8      | Reached skill level 10 in Maces & Flails
  8294 | D:8      | Found a blossoming altar of Fedhas.
  8615 | D:9      | Reached skill level 11 in Maces & Flails
  8926 | D:9      | Reached XP level 11. HP: 68/68 MP: 11/11
  9221 | D:10     | Entered Level 10 of the Dungeon
  9221 | D:10     | You fall into a shaft and drop 3 floors!
  9360 | D:12     | Reached *** piety under the Shining One
  9683 | Lair:1   | Entered Level 1 of the Lair of Beasts
 11122 | Lair:1   | Reached skill level 12 in Maces & Flails
 11258 | Lair:2   | Noticed an eight-headed hydra
 11264 | Lair:2   | Killed an eight-headed hydra
 11644 | Lair:2   | HP: 3/69 [blink frog (14)]
 11646 | Lair:2   | Slain by a blink frog

Illustrated notes

Levels and vault maps discovered:
D:1:      zaba_arrival_water, layout_rooms, nicolae_titane
D:2:      layout_basic, serial_aquarium, aquarium_bridge_island_small
          [aquarium_subvault_small_open, aquarium_subvault_bridge,
          aquarium_subvault_wall, aquarium_subvault_bridge,
          aquarium_subvault_bridge], aquarium_window_corridor_1,
          aquarium_window_corner, aquarium_view_2c, aquarium_balcony_5a,
          serial_shops, shop, shapermc_ecumenical_altar_acropolis, minivault_4,
          uniq_crazy_yiuf_cottage
D:3:      layout_loops_ring, nicolae_qazlal_scattered_showers
D:4:      layout_cave_pools, nicolae_uskayaw_murder_on_the_dancefloor,
          nicolae_ru_awakened_eye, uniq_menkaure, uniq_eustachio
D:5:      kennysheep_big_flooded_room, layout_loops_ring, serial_shops,
          nicolae_shop_tiny_statue_garden, nicolae_shop_crystal, shop,
          roderic_roman_lattice
D:6:      layout_rooms, zin_purify, minmay_temple_entry_mist
D:7:      layout_rooms, dk_yredelemnul_ordeal, serial_shops, shop,
          ebering_ghost_gozag, minivault_1, kennysheep_path_1
D:8:      layout_basic, fedhas_altar_4, lair_entry_dummy, serial_corexii_hall,
          chequers_hall_statues_y, corexii_hall_statues_i, serial_shops,
          nicolae_shop_advertising_works [nicolae_subvault_shop_adworks]
D:9:      layout_roguey
D:10:     layout_basic
D:11:     layout_stronghold, serial_bayou_pond_d, uniq_urug
D:12:     layout_roguey, zombieorc2_lemuel
D:13:     layout_basic, minmay_door_square, hangedman_tell_no_tales
Temple:   kb_temple_of_zot
Lair:1:   layout_regular_city, hibernation_bobbens, serial_bayou_shore_a,
          grunt_megastairs_1
Lair:2:   layout_loops_ring, basic_altar, grunt_megastairs_3

Skill      XL: |  1  2  3  4  5  6  7  8  9 10 11 |
---------------+----------------------------------+-----
Maces & Flails | 3 4 6 7 9 11 12 | 12.4
Armour         | 4 5 6 7 8 9 |  9.0
Dodging        | 1 2 3 4 |  4.6
Fighting       | 4 5 6 8 |  8.8
Shields        | 4 5 6 7 |  7.0
Evocations     | 1 |  1.3

Action                     |  1- 3 |  4- 6 |  7- 9 | 10-12 || total
---------------------------+-------+-------+-------+-------++-------
  Melee: Flail             |   121 |   157 |   239 |       ||   517
         Morningstar       |       |       |   108 |   419 ||   527
  Evoke: Wand              |       |     2 |     5 |       ||     7
    Use: Scroll            |       |     5 |     3 |     3 ||    11
         Potion            |       |     2 |     2 |     1 ||     5
 Armour: Scale mail        |    67 |    92 |   210 |   244 ||   613
  Dodge: Dodged            |    69 |    96 |   197 |   242 ||   604
  Block: Buckler           |    31 |    55 |    81 |   138 ||   305
